 Dungeon Crawl Stone Soup version 0.25.1-2-g60ff931df9 (webtiles) character file.

Game seed: 14393652658581751594

128 gruber the Stinger (level 5, 0/31 HPs)
             Began as an Octopode Venom Mage on Nov 3, 2020.
             Killed by divine providence
             ... invoked by an orc priest
              (8 damage)
             ... on level 3 of the Dungeon.
             The game lasted 00:03:05 (3473 turns).

gruber the Stinger (Octopode Venom Mage)            Turns: 3473, Time: 00:03:06

Health: 0/31       AC:  1    Str:  8    XL:     5   Next: 12%
Magic:  1/8        EV: 13    Int: 18    God:
Gold:   104        SH:  0    Dex: 12    Spells: 3/8 levels left

rFire    . . .     SeeInvis .   l - +1 war axe (freeze)
rCold    . . .     Gourm    .   (no shield)
rNeg     + . .     Faith    .   (helmet restricted)
rPois    .         Spirit   .   (no amulet)
rElec    .         Reflect  .   j - ring of positive energy
rCorr    .         Harm     .   (no ring)
MR       .....                  (no ring)
Stlth    +++.......             (no ring)
HPRegen  0.10/turn              (no ring)
MPRegen  0.11/turn              (no ring)
                                (no ring)
                                (no ring)

@: no status effects
A: almost no armour, stealthy swim, amphibious, 8 rings, constrict 8, camouflage
1, gelatinous body 1
a: no special abilities


You were on level 3 of the Dungeon.
You were not hungry.

You visited 1 branch of the dungeon, and saw 3 of its levels.

You collected 104 gold pieces.

Inventory:

Hand Weapons
 e - a +0 short sword of flaming
 l - a +1 war axe of freezing (weapon)
Armour
 a - a +0 buckler
Jewellery
 j - a ring of positive energy (left tentacle)
 m - a cursed amulet of inaccuracy {unknown}
Scrolls
 c - a scroll of noise {unknown}
 g - 4 scrolls of identify {unknown}
 h - a scroll of fear {unknown}
 k - a scroll of teleportation {unknown}
 n - a scroll of fog {unknown}
Potions
 d - a potion of degeneration {unknown}
 f - a potion of curing
 i - a potion of flight {unknown}
Comestibles
 b - 3 rations
 o - 2 chunks of flesh


   Skills:
 - Level 2.0 Dodging
 - Level 2.6 Stealth
 - Level 2.0 Spellcasting
 - Level 1.0 Transmutations
 * Level 6.8 Poison Magic


You had 3 spell levels left.
You knew the following spells:

 Your Spells              Type           Power        Failure   Level  Hunger
a - Sting                 Tmut/Pois      ###.         3%          1    #......
b - Olgreb's Toxic Radia  Pois           ####....     11%         4    #####..

Your spell library contained the following spells:

 Spells                   Type           Power        Failure   Level  Hunger
 Poisonous Vapours        Pois/Air       ##....       7%          2    ###....
 Ignite Poison            Fire/Tmut/Pois ##......     19%         3    ###....
 Mephitic Cloud           Conj/Pois/Air  ##......     22%         3    ###....


Dungeon Overview and Level Annotations

Branches:
Dungeon (3/15)

Altars:
Fedhas
Wu Jian


Innate Abilities, Weirdness & Mutations

You cannot wear most types of armour.
You are very stealthy in the water. (Stealth+)
You are amphibious.
You can wear up to eight rings at the same time.
You can use your tentacles to constrict eight enemies at once.
Your skin changes colour to match your surroundings (Stealth+).
Your rubbery body absorbs attacks. (AC +1, EV +1)


Message History

The orc wizard looks even sicker.
The orc wizard is severely wounded.
You constrict the orc priest, but do no damage.
The orc wizard closely misses you.
The orc priest calls down the wrath of Beogh upon you.
Pain shoots through your body!
* * * LOW HITPOINT WARNING * * *
Unknown command.
Casting: Sting (safe; 3% risk of failure)
Confirm with . or Enter, or press ? or * to list all spells.
Aiming: Sting (safe; 3% risk of failure)
Press: ? - help, Shift-Dir - straight line, f - orc priest, p - orc wizard
Aim: an orc priest, wielding a +0 dagger and wearing a +0 chain mail (moderately wounded, constricted by you, poisoned)
The sting hits the orc priest.
The orc priest looks even sicker.
The orc priest is heavily wounded.
You constrict the orc priest, but do no damage.
The orc wizard misses you.
The orc priest invokes the aid of Beogh against you.
Beogh smites you!
You die...

#.########.# ############.# #.#
##...........# #.##########
##.........รท.# # #..........##
##...........# #.#######........
##...........# #.#.....'........
##...........# #.......#........
.#...........#.####.###.#........
...........#....@................
.#########....#o#o...#.....#'#'##
.##########...#.#.o#....#..#.#.#
........)........).........>.# #
.#......... ....#......##..#.
.#......... ............. .
.#............#...#....#..
.#............#...........
.+.........


You could see an orc priest (very poisoned), an orc wizard (very poisoned) and
an orc (poisoned).

Vanquished Creatures
  An orc wizard (D:3)
  2 adders
  4 worms
  2 leopard geckos (D:2)
  5 orcs (D:3)
  9 bats
  9 giant cockroaches
  4 goblins
  10 hobgoblins
  4 kobolds
  A ball python (D:2)
  2 frilled lizards (D:2)
  6 rats
  A plant (D:2)
60 creatures vanquished.

Notes
Turn   | Place    | Note
-------+----------+-------------------------------------------
     0 | D:1      | gruber the Octopode Venom Mage began the quest for the Orb.
     0 | D:1      | Reached XP level 1. HP: 11/11 MP: 3/3
   113 | D:1      | Reached skill level 4 in Poison Magic
   183 | D:1      | Reached XP level 2. HP: 17/17 MP: 3/5
   726 | D:1      | Reached XP level 3. HP: 17/21 MP: 1/6
   787 | D:1      | Reached skill level 5 in Poison Magic
  2104 | D:2      | Found an ornate altar of the Wu Jian Council.
  2147 | D:2      | Reached XP level 4. HP: 27/27 MP: 7/7
  2185 | D:2      | Learned a level 4 spell: Olgreb's Toxic Radiance
  2592 | D:2      | Found a blossoming altar of Fedhas.
  2735 | D:3      | Reached skill level 6 in Poison Magic
  3260 | D:3      | Reached XP level 5. HP: 31/31 MP: 5/8
  3473 | D:3      | Killed from afar by an orc priest

Illustrated notes

Levels and vault maps discovered:
D:1:      dpeg_arrival_connections, layout_basic, minmay_pentomino_o4
D:2:      layout_basic, overflow_temple_1_default, lemuel_crystal_altar,
          serial_forest, infiniplex_forest_clump_long,
          infiniplex_forest_clump_tiny, infiniplex_forest_clump_tiny,
          infiniplex_forest_corner_1, infiniplex_forest_lined_room_2,
          infiniplex_forest_end_2, corner_web_ring
D:3:      layout_basic, minitemple, kennysheep_minor_cross

Skill      XL: |  1  2  3  4 |
---------------+-------------+-----
Poison Magic   | 4 5 6 |  6.8
Dodging        | |  2.0
Stealth        | |  2.6
Spellcasting   | |  2.0
Transmutations | |  1.0

Action                   |  1- 3 |  4- 6 || total
-------------------------+-------+-------++-------
Melee: Unarmed           |     9 |       ||     9
       Constrict         |    12 |     7 ||    19
       Tentacles         |     6 |     3 ||     9
       Short sword       |    68 |    18 ||    86
       War axe           |       |     7 ||     7
 Cast: Sting             |    35 |    22 ||    57
       Olgreb's Toxic Ra |       |     1 ||     1
 Stab: Sleeping          |     9 |     4 ||    13
  Eat: Chunk             |     4 |     5 ||     9
Armor: Skin              |     8 |       ||     8
Dodge: Dodged            |    51 |    16 ||    67
